 Dungeon Crawl Stone Soup version 0.25.0-46-gbd7b0854d2 (webtiles) character file.

Game seed: 4046172196773786975

92 Ethylacetat the Poker (level 4, -3/42 HPs)
             Began as a Naga Gladiator on July 14, 2020.
             Slain by a gnoll
             ... wielding a +0 spear
              (7 damage)
             ... on level 3 of the Dungeon.
             The game lasted 00:02:21 (1990 turns).

Ethylacetat the Poker (Naga Gladiator)              Turns: 1990, Time: 00:02:22

Health: -3/42      AC:  3    Str: 17    XL:     4   Next: 60%
Magic:  4/4        EV: 10    Int:  9    God:
Gold:   115        SH:  0    Dex: 12    Spells: 3/3 levels left

rFire    . . .     SeeInvis +   a - +0 trident
rCold    . . .     Gourm    .   (no shield)
rNeg     . . .     Faith    .   b - +0 leather armour
rPois    +         Spirit   .   c - +0 helmet
rElec    .         Reflect  .   (no cloak)
rCorr    .         Harm     .   (no gloves)
MR       .....                  (no barding)
Stlth    +.........             q - amulet of magic regeneration
HPRegen  0.14/turn              (no ring)
MPRegen  0.34/turn              (no ring)

@: short of breath, very slow
A: large, see invisible, deformed body, poison resistance, slowness 2, slow
metabolism 1, spit poison 1, AC +1
a: Spit Poison


You were on level 3 of the Dungeon.
You were hungry.

You visited 1 branch of the dungeon, and saw 3 of its levels.

You collected 115 gold pieces.

Inventory:

Hand Weapons
 a - a +0 trident (weapon)
Missiles
 d - 3 throwing nets (quivered)
Armour
 b - a +0 leather armour (worn)
 c - a +0 helmet (worn)
Jewellery
 q - an amulet of magic regeneration (around neck)
Scrolls
 h - a scroll of blinking {unknown}
 i - a scroll of amnesia {unknown}
 j - 2 scrolls of remove curse {unknown}
 k - 3 scrolls of identify {unknown}
 n - a scroll of enchant armour {unknown}
 o - a scroll of enchant weapon {unknown}
 p - a scroll of fear {unknown}
Potions
 e - a potion of lignification {unknown}
 g - a potion of flight {unknown}
 l - a potion of heal wounds {unknown}
Comestibles
 f - 3 rations


   Skills:
 + Level 3.1 Fighting
 * Level 4.6 Polearms
 - Level 1.7 Throwing
 - Level 2.4 Dodging


You had 3 spell levels left.
You didn't know any spells.
Your spell library was empty.

Dungeon Overview and Level Annotations

Branches:
Dungeon (3/15)

Altars:
Yredelemnul


Innate Abilities, Weirdness & Mutations

You cannot wear boots.
Your serpentine skin is tough. (AC +1)
You have supernaturally acute eyesight. (SInv)
Armour fits poorly on your strangely shaped body.
Your system is resistant to poisons. (rPois)
You cover ground very slowly.
You have a slow metabolism.
You can spit poison.


Message History

Press: ? - help, Dir - move target cursor, f - gnoll
Aim: a gnoll, wielding a +0 spear You reach to attack!
You hit the gnoll but do no damage.
You have got your breath back.
The gnoll closely misses you.
Attack whom?
Press: ? - help, Dir - move target cursor, f/p - gnoll
Aim: a gnoll, wielding a +0 spear You reach to attack!
You hit the gnoll.
The gnoll is heavily wounded.
The gnoll hits you from afar with a +0 spear!
* * * LOW HITPOINT WARNING * * *
Press: ? - help, Shift-Dir - straight line, f/p - gnoll
Aim: a gnoll, wielding a +0 spear (heavily wounded)
The splash of poison hits the gnoll but does no damage.
The gnoll is poisoned.
The gnoll is heavily wounded.
You feel slightly more hungry.
The gnoll hits you from afar with a +0 spear!
You die...

##########
###........############.
........................
###........###.....#####
........................
.#####@######.##..#####
#)# #.##..# #g# #.##..#
#.# ###.##..##### ...
............# ...
............. ...
............. .....
.............
.............


You could see a gnoll (poisoned).

Vanquished Creatures
  Jessica (D:2)
  2 gnolls (D:3)
  An adder (D:3)
  A leopard gecko (D:1)
  2 giant cockroaches
  2 goblins
  4 hobgoblins
  4 jackals (D:1)
  7 kobolds
  A ball python (D:2)
  4 bats
  A frilled lizard (D:1)
  8 rats
38 creatures vanquished.

Notes
Turn   | Place    | Note
-------+----------+-------------------------------------------
     0 | D:1      | Ethylacetat the Naga Gladiator began the quest for the Orb.
     0 | D:1      | Reached XP level 1. HP: 19/19 MP: 1/1
    80 | D:1      | Reached XP level 2. HP: 12/26 MP: 2/2
   850 | D:2      | Reached XP level 3. HP: 28/33 MP: 3/3
   975 | D:2      | Found a basalt altar of Yredelemnul.
   981 | D:2      | Noticed Jessica
   998 | D:2      | Killed Jessica
   998 | D:2      | Reached skill level 4 in Polearms
  1559 | D:2      | Reached XP level 4. HP: 40/40 MP: 4/4
  1990 | D:3      | Slain by a gnoll

Illustrated notes

Levels and vault maps discovered:
D:1:      doesnt_arrival_eight_statues, layout_loops_ring
D:2:      layout_basic, old_standard_altar, first_ration, uniq_jessica
D:3:      layout_basic

Skill      XL: |  1  2  3  4 |
---------------+-------------+-----
Polearms       | 4 |  4.6
Fighting       | 3 |  3.1
Throwing       | |  1.7
Dodging        | |  2.4

Action                   |  1- 3 |  4- 6 || total
-------------------------+-------+-------++-------
Melee: Trident           |    90 |    21 ||   111
 Abil: Spit Poison       |     3 |     2 ||     5
  Eat: Chunk             |     1 |     1 ||     2
Armor: Leather armour    |    25 |     2 ||    27
Dodge: Dodged            |    46 |     7 ||    53
